 Dungeon Crawl Stone Soup version 0.31.0-11-ge490571c62 (webtiles) character file.

Game seed: 5769700316100482153

4 Flugkiller the Firebug (level 1, 1/14 HPs)
             Began as a Ghoul Fire Elementalist on Jan 29, 2024.
             Quit the game on level 1 of the Dungeon.
             The game lasted 00:00:16 (162 turns).

Flugkiller the Firebug (Ghoul Fire Elementalist)     Turns: 162, Time: 00:00:17

Health: 1/14       AC:  2    Str: 11    XL:     1   Next: 70%
Magic:  2/3        EV: 12    Int: 14    God:
Gold:   17         SH:  0    Dex:  9    Spells: 2/3 levels left

rFire   . . .        d - +0 dagger
rCold   + . .        (no shield)
rNeg    + + +        a - +0 robe
rPois   ∞            (no helmet)
rElec   .            (no cloak)
rCorr   .            (no gloves)
SInv    .            (no boots)
Will    .....        (no amulet)
Stlth   ++           (no ring)
HPRegen 0.00/turn    (no ring)
MPRegen 0.08/turn

%: no passive effects
@: inhibited regen
A: claws 1, cold resistance 1, negative energy resistance 3, inhibited
regeneration, torment resistance 2, devour on kill
a: no special abilities


You were on level 1 of the Dungeon.
You visited 1 branch of the dungeon, and saw 1 of its levels.

You collected 17 gold pieces.

Inventory:

Hand Weapons
 d - a +0 dagger (weapon)
   (You took it off a goblin on level 1 of the Dungeon)
Armour
 a - a +0 robe (worn)
Scrolls
 c - a scroll of fear {unknown}
Potions
 b - a potion of magic


   Skills:
 - Level 1.7 Dodging
 - Level 2.1 Stealth
 + Level 1.8 Spellcasting
 + Level 0.9 Conjurations
 * Level 2.5 Fire Magic


You had 2 spell levels left.
You knew the following spells:

 Your Spells              Type           Power      Damage    Failure   Level
a - Foxfire               Conj/Fire      24%        2x1d5     12%         1

Your spell library contained the following spells:

 Spells                   Type           Power      Damage    Failure   Level
 Scorch                   Fire           16%        2d5       13%         2
 Inner Flame              Hex/Fire       4%         N/A       38%         3
 Volatile Blastmotes      Fire/Tloc      8%         2d10      38%         3
 Flame Wave               Conj/Fire      6%         2d5       75%         4


Dungeon Overview and Level Annotations

Branches:
Dungeon (1/15) Zot: 5838

Altars:


Innate Abilities, Weirdness & Mutations

You are immune to poison.
You have sharp fingernails.
Your flesh is cold resistant. (rC+)
You are immune to negative energy. (rN+++)
You do not regenerate when monsters are visible.
You are immune to unholy pain and torment.
You thrive by killing the living.


Message History

You kill the goblin!
You see here a +0 dagger.
The rat misses you.
You barely miss the rat. The rat barely misses you.
You scratch the rat.
You kill the rat!
You see here a rat corpse.
No target in view!
No target in view!
You see here a rat corpse.
You start resting.
Magic restored.
You see here a rat corpse.
You see here a +0 dagger.
d - a +0 dagger (weapon)
You now have 7 gold pieces.
You now have 17 gold pieces (gained 10).
A giant cockroach comes into view.
A giant cockroach is nearby!
A giant cockroach is nearby!
Unknown command.
A giant cockroach is nearby!
The giant cockroach bites you.
You hit the giant cockroach but do no damage.
The giant cockroach barely misses you.
You hit the giant cockroach.
The giant cockroach is lightly wounded.
The giant cockroach misses you.
You hit the giant cockroach but do no damage.
The giant cockroach is lightly wounded.
The giant cockroach completely misses you.
The giant cockroach bites you.
You closely miss the giant cockroach. The giant cockroach barely misses you.
You hit the giant cockroach.
The giant cockroach is lightly wounded.
The giant cockroach misses you.
You barely miss the giant cockroach.
The giant cockroach is lightly wounded.
The giant cockroach closely misses you.
You hit the giant cockroach.
The giant cockroach is heavily wounded.
The giant cockroach barely misses you.
You closely miss the giant cockroach.
The giant cockroach is heavily wounded.
The giant cockroach barely misses you. The giant cockroach closely misses you.
You hit the giant cockroach but do no damage.
The giant cockroach is heavily wounded.
The giant cockroach bites you but does no damage.
You barely miss the giant cockroach.
The giant cockroach is heavily wounded.
The giant cockroach bites you but does no damage.
You hit the giant cockroach.
The giant cockroach is almost dead.
The giant cockroach closely misses you.
You hit the giant cockroach.
You kill the giant cockroach!
You feel better.
You see here a giant cockroach corpse.
No target in view!
No target in view!
A giant cockroach and a kobold come into view.
There are monsters nearby!
There are monsters nearby!
Unknown command.
A bat and a rat come into view.
Found a clear potion.
The rat squeaks loudly.
A rat comes into view.
You miss the kobold. The bat hits you but does no damage.
The kobold hits you with a +0 whip.
You barely miss the kobold.
The rat squeaks loudly.
The bat closely misses you. The kobold hits you with a +0 whip.
The bat barely misses you.
You barely miss the kobold. The bat hits you. The kobold barely misses you.
You are too injured to fight recklessly!
You are too injured to fight recklessly!
You are too injured to fight recklessly!
You are too injured to fight recklessly!
You are too injured to fight recklessly!
You are too injured to fight recklessly!
You are too injured to fight recklessly!
You are too injured to fight recklessly!
You are too injured to fight recklessly!
You are too injured to fight recklessly!
The rat twitches its whiskers.
You are too injured to fight recklessly!
You hit the kobold but do no damage. The kobold hits you with a +0 whip.
* * * LOW HITPOINT WARNING * * *
You barely miss the kobold. The kobold closely misses you.
You are too injured to fight recklessly!
Casting: Foxfire (safe; 12% risk of failure)
Confirm with . or Enter, or press ? or * to list all spells.
You conjure some foxfire!
The bat closely misses you.
Your foxfire dissipates!
The bat attacks as it pursues you! The bat closely misses you.
The bat hits you.
* * * LOW HITPOINT WARNING * * *
The bat barely misses you.
Are you sure you want to abandon this character and quit the game? (Confirm with "yes".)

##################
#.......##..b@...#
####.#####.##r#####.#
.....# #.##.#
###..#####.##r#####.#
#..##...†..K....... #
#...#.##.##.##....# #
#.....##.##.# ...# #
#.....##.##........ #
#........###..r....


You could see a bat and a rat.

Vanquished Creatures
  A giant cockroach (D:1)
  2 goblins (D:1)
  A rat (D:1)
4 creatures vanquished.

Vanquished Creatures (others)
  4 foxfires (D:1)
4 creatures vanquished.

Grand Total: 8 creatures vanquished

Notes
Turn   | Place    | Note
-------+----------+-------------------------------------------
     0 | D:1      | Flugkiller the Ghoul Fire Elementalist began the quest for
                  | the Orb.
     0 | D:1      | Reached XP level 1. HP: 14/14 MP: 3/3
   162 | D:1      | Quit the game

Illustrated notes

Levels and vault maps discovered:
D:1:      saegor_arrival_miasma, layout_loops_corners,
          ebering_ecumenical_altar_webs, minmay_pentomino_u2

Action                     || total
---------------------------++-------
  Melee: Dagger            ||    17
         Unarmed           ||     6
   Cast: Foxfire           ||     4
 Armour: Robe              ||    11
  Dodge: Dodged            ||    21
